 Dungeon Crawl Stone Soup version 0.25-a0-294-gea9b1ad378 (webtiles) character file.

Game seed: 13660142456420746709, levelgen mode: deterministic

18 Multipenetrator the Firebug (level 2, 15/15 HPs)
             Began as a Tengu Fire Elementalist on Dec 18, 2019.
             Got out of the dungeon alive.
             The game lasted 00:10:03 (1281 turns).

Multipenetrator the Firebug (TeFE)                  Turns: 1281, Time: 00:10:03

Health: 15/15      AC:  3    Str:  8    XL:     2   Next: 70%
Magic:  6/6        EV: 10    Int: 15    God:
Gold:   44         SH:  0    Dex: 14    Spells: 4/5 levels left

rFire    . . .     SeeInvis .   e - +0 dagger
rCold    . . .     Gourm    .   (no shield)
rNeg     . . .     Faith    .   h - -2 ring mail (curse)
rPois    .         Spirit   .   (helmet restricted)
rElec    .         Reflect  .   (no cloak)
rCorr    .         Harm     .   (no gloves)
MR       .....                  (boots unavailable)
Stlth    +.........             (no amulet)
HPRegen  0.05/turn              (no ring)
MPRegen  0.10/turn              (no ring)

@: no status effects
A: beak, talons 3
a: no special abilities


You escaped.
You were not hungry.

You visited 1 branch of the dungeon, and saw 1 of its levels.

You collected 44 gold pieces.

Inventory:

Hand Weapons
 e - a +0 dagger (weapon)
Armour
 a - a +0 robe
 h - a cursed -2 ring mail (worn)
Scrolls
 i - a scroll of teleportation {unknown}
Potions
 b - a potion of flight {unknown}
 d - a potion of curing {unknown}
 f - a potion of lignification {unknown}
 g - a potion of degeneration {unknown}
Comestibles
 c - 2 rations


   Skills:
 - Level 2.1 Dodging
 + Level 2.1 Stealth
 * Level 2.3 Spellcasting
 * Level 1.9 Conjurations
 + Level 3.7 Fire Magic


You had 4 spell levels left.
You knew the following spells:

 Your Spells              Type           Power        Failure   Level  Hunger
a - Foxfire               Conj/Fire      ##..         21%         1    #......

Your spell library contained the following spells:

 Spells                   Type           Power        Failure   Level  Hunger
 Conjure Flame            Conj/Fire      ##......     52%         3    ###....
 Inner Flame              Hex/Fire       #.......     67%         3    ###....
 Sticky Flame             Conj/Fire      ##......     90%         4    #####..
 Fireball                 Conj/Fire      ##........   99%         5    ######.


Dungeon Overview and Level Annotations

Branches:
Dungeon (1/15)

Altars:


Innate Abilities, Weirdness & Mutations

You have a beak for a mouth.
You have claws for feet.


Message History

You see here a rat skeleton.
i - a scroll labeled FAEFFILOFU Eating a chunk of flesh.
You eat the chunk of flesh.
This raw flesh tastes terrible.
Done exploring.
There is an open gate here.
There is a staircase leading out of the dungeon here.
You see here a shiny ring mail.
You can't go down here!
h - a shiny ring mail You start removing your armour.
You continue taking off your +0 robe. x4
You finish taking off your +0 robe.
You start putting on your armour.
You continue putting on your shiny ring mail. x5
You finish putting on your cursed -2 ring mail.
Oops, that feels deathly cold.
There is a staircase leading out of the dungeon here.
You can't go down here!
Are you sure you want to leave the Dungeon?
This will make you lose the game!
You have escaped!

......# ####.####.# ###...#
.###..# #.........####.#...#
.#..#.# #.##.#.............#
.#..+.###+#..#.........#..>#
.#..####.....##..#########.#
##...# #...........####....#
##...# #.....#######.##.##.#####
.....# #.....#.....#.##.##.....#
.....###.....#..Q..#.##.########
.............#.....#.##.#
#####.#####..#.....#.##.# #.##
#..##'''##.##.######### #..#
#..........##.......... ##.#
#.#####.#####.###.####. # ##.#
#.#........#### #.# ## #####.(#
#.#.######.#### #.#####
..#...#####.#.# #....# #...#..


There were no monsters in sight!

Vanquished Creatures
  An ooze (D:1)
  2 dart slugs (D:1)
  A giant cockroach (D:1)
  2 hobgoblins (D:1)
  A bat (D:1)
  A frilled lizard (D:1)
  2 kobolds (D:1)
  2 rats (D:1)
12 creatures vanquished.

Vanquished Creatures (others)
  45 foxfires (D:1)
45 creatures vanquished.

Grand Total: 57 creatures vanquished

Notes
Turn   | Place    | Note
-------+----------+-------------------------------------------
     0 | D:1      | Multipenetrator the Tengu Fire Elementalist began the quest
                  | for the Orb.
     0 | D:1      | Reached XP level 1. HP: 10/10 MP: 4/4
   228 | D:1      | Reached XP level 2. HP: 15/15 MP: 3/6
  1281 | D:$      | Got out of the dungeon alive.

Levels and vault maps discovered:
D:1:      dpeg_arrival_windows_large_door, layout_basic,
          serial_co_window_serial, co_window_corner_a, co_window_paths_a,
          co_window_paths_a, co_window_of_opportunity_a, co_window_paths_a,
          co_window_cross_4, co_window_paths_c, co_window_cross_2,
          co_window_broadway_a, co_window_sun, co_window_4corner_a,
          glass_columns_a, glass_columns_b, glass_columns_c, glass_columns_c

Action                   || total
-------------------------++-------
Melee: Dagger            ||     2
       Kick              ||     1
 Cast: Foxfire           ||    28
 Stab: Sleeping          ||     1
  Eat: Chunk             ||     1
Dodge: Dodged            ||     1

Table legend:
 A = Non-vault XP
 B = Vault XP
 C = Vault XP percentage of total XP
 D = Non-vault monster count
 E = Vault monster count
 F = Vault count percentage of total count
                 A         B        C        D         E       F
            +---------+---------+-------+---------+---------+-------
      Total |      27 |       0 |   0.0 |      12 |       0 |   0.0
            +---------+---------+-------+---------+---------+-------
        D:1 |      27 |       0 |   0.0 |      12 |       0 |   0.0
            +---------+---------+-------+---------+---------+-------
